 Dungeon Crawl Stone Soup version 0.21.1-1-g345015fe64 (webtiles) character file.

8015 Peloso the Carver (level 11, 0/95 HPs)
             Began as a Minotaur Fighter on June 9, 2018.
             Was a High Priest of Okawaru.
             Slain by Snorg (2 damage)
             ... on level 11 of the Dungeon.
             The game lasted 00:22:23 (9411 turns).

Peloso the Carver (Minotaur Fighter)                Turns: 9411, Time: 00:22:26

Health: 0/95       AC: 17    Str: 22    XL:     11   Next: 4%
Magic:  11/11      EV:  8    Int:  5    God:    Okawaru [*****.]
Gold:   543        SH: 12    Dex: 12    Spells: 10/10 levels left

rFire    + . .     SeeInvis .   a - +1 long sword
rCold    x . .     Gourm    .   c - +0 shield
rNeg     . . .     Faith    .   b - +1 plate armour
rPois    .         Spirit   .   (helmet restricted)
rElec    .         Reflect  .   (no cloak)
rCorr    .         Harm     .   p - +0 pair of gloves
MR       +....                  (no boots)
Stlth    ..........             (no amulet)
HPRegen  0.25/turn              H - ring of fire
MPRegen  0.12/turn              l - ring of protection from magic

@: no status effects
A: retaliatory headbutt, horns 2
a: Heroism, Finesse, Renounce Religion


You were on level 11 of the Dungeon.
You worshipped Okawaru.
Okawaru was extremely pleased with you.
You were not hungry.

You visited 2 branches of the dungeon, and saw 12 of its levels.

You collected 543 gold pieces.

Inventory:

Hand Weapons
 a - a +1 long sword (weapon)
Missiles
 m - 32 bolts
Armour
 b - a +1 plate armour (worn)
 c - a +0 shield (worn)
 p - a +0 pair of gloves (worn)
Jewellery
 e - a +4 ring of intelligence
 l - a ring of protection from magic (right hand)
 q - an uncursed ring of ice
 H - a ring of fire (left hand)
Wands
 u - a wand of scattershot (4)
 w - a wand of random effects (43)
 x - a wand of polymorph (7)
 C - a wand of clouds (5)
 E - a wand of digging (15)
 I - a wand of iceblast (1)
Scrolls
 h - 2 scrolls of amnesia {unknown}
 i - 7 scrolls of remove curse
 j - 3 scrolls of enchant weapon
 k - 4 scrolls of enchant armour
 n - a scroll of identify
 s - 2 scrolls of fear
Potions
 d - 2 potions of might
 o - 3 potions of mutation
 r - 3 potions of berserk rage
 t - a potion of haste
 v - a potion of agility
 z - a potion of flight
 A - 2 potions of curing
 D - a potion of brilliance
Books
 g - a book of Debilitation

   Spells                             Type                      Level
   a - Corona                         Hexes                        1
   b - Slow                           Hexes                        2
   c - Inner Flame                    Hexes/Fire                   3
   d - Portal Projectile              Hexes/Translocation          3
   e - Cause Fear                     Hexes                        4
   f - Leda's Liquefaction            Hexes/Earth                  4
 y - a book of Necromancy

   Spells                             Type                      Level
   a - Pain                           Necromancy                   1
   b - Animate Skeleton               Necromancy                   1
   c - Vampiric Draining              Necromancy                   3
   d - Regeneration                   Charms/Necromancy            3
   e - Animate Dead                   Necromancy                   4
   f - Borgnjor's Vile Clutch         Necromancy/Earth             5
Comestibles
 f - 12 rations


   Skills:
 + Level 8.4 Fighting
 + Level 11.8 Long Blades
 + Level 10.0 Armour
 + Level 3.9 Dodging
 + Level 1.1 Stealth
 + Level 10.8 Shields
 + Level 1.4 Evocations


You had 10 spell levels left.
You didn't know any spells.

Dungeon Overview and Level Annotations

Branches:
Dungeon (11/15)            Temple (1/1) D:4            Lair (0/6) D:8
    Orc: D:9-12

Altars:
Ashenzari
Cheibriados
Dithmenos
Elyvilon
Fedhas
Gozag
Hepliaklqana
Kikubaaqudgha
Makhleb
Nemelex Xobeh
Okawaru
Qazlal
Ru
Sif Muna
Trog
Uskayaw
Vehumet
Wu Jian
Xom
Yredelemnul
Zin
The Shining One

Shops:
D:5 %   D:9 =

Annotations:
D:5 1 exclusion
D:11 Snorg


Innate Abilities, Weirdness & Mutations

You reflexively headbutt those who attack you in melee.
You have a pair of horns on your head.


Message History

You block Snorg's attack. Snorg claws you. Snorg barely misses you.
You block the scorpion's attack. Snorg bites you!!
Snorg claws you but does no damage. Snorg barely misses you.
You slash Snorg!
Snorg is lightly wounded.
You block Snorg's attack. Snorg claws you! Snorg claws you but does no damage.
You barely miss Snorg.
Snorg is lightly wounded.
Snorg bites you! You block Snorg's attack. Snorg claws you but does no damage.
Snorg bites you!!
* * * LOW HITPOINT WARNING * * *
Snorg barely misses you. You block Snorg's attack.
You barely miss Snorg.
Snorg is lightly wounded.
Snorg bites you!
* * * LOW HITPOINT WARNING * * *
Snorg claws you!
* * * LOW HITPOINT WARNING * * *
Snorg claws you.
You die...

####################
..........@Ts.......
..........##..#....
..........##..# ##
..........##..# ...
..........##..#.....
.......!.............
#####......##########
#......# #....#.#


You could see Snorg (berserk) and a scorpion.

Vanquished Creatures
  4 two-headed ogres
  An unseen horror (D:10)
  A manticore (D:9)
  4 hippogriffs
  A wraith (D:8)
  A hungry ghost (D:8)
  An ice beast (D:8)
  A sky beast (D:7)
  A black bear (D:6)
  An orc warrior (D:10)
  A phantom (D:9)
  2 ogres
  A necrophage (D:8)
  2 centaurs
  A big kobold (D:9)
  5 bullfrogs
  A wyvern zombie (D:10)
  2 scorpions
  5 killer bees (D:9)
  A howler monkey (D:10)
  A bullfrog zombie (D:9)
  5 crimson imps
  2 quasits
  8 hounds
  3 jellies
  11 orc wizards
  9 orc priests
  3 iguanas
  Jessica (D:3)
  Terence (D:3)
  A bullfrog skeleton (D:4)
  Natasha (thrice) (D:3)
  7 worker ants
  3 killer bee zombies
  11 adders
  A shadow imp (D:5)
  2 oozes
  An adder zombie (D:9)
  2 worms
  3 dart slugs
  8 leopard geckos
  42 orcs
  9 giant cockroaches
  3 goblins
  5 hobgoblins
  11 jackals
  4 quokkas
  A ball python (D:2)
  2 ball python skeletons (D:4)
  8 bats
  7 frilled lizards
  2 gnoll zombies (D:9)
  A jackal skeleton (D:4)
  4 kobolds
  A quokka skeleton (D:4)
  23 rats
246 creatures vanquished.

Vanquished Creatures (others)
  4 fungi (D:3)
4 creatures vanquished.

Grand Total: 250 creatures vanquished

Notes
Turn   | Place    | Note
-------+----------+-------------------------------------------
     0 | D:1      | Peloso the Minotaur Fighter began the quest for the Orb.
     0 | D:1      | Reached XP level 1. HP: 19/19 MP: 0/0
    98 | D:1      | Reached XP level 2. HP: 24/27 MP: 1/1
   223 | D:1      | Reached skill level 3 in Long Blades
   404 | D:1      | Reached XP level 3. HP: 33/33 MP: 2/2
   714 | D:2      | Reached XP level 4. HP: 40/40 MP: 3/3
  1378 | D:3      | Noticed Natasha
  1384 | D:3      | Killed Natasha
  1470 | D:3      | Reached skill level 4 in Long Blades
  1494 | D:3      | Noticed Terence
  1502 | D:3      | Killed Terence
  1502 | D:3      | Reached XP level 5. HP: 40/47 MP: 4/4
  1512 | D:3      | Found a blossoming altar of Fedhas.
  1514 | D:3      | Noticed Natasha
  1548 | D:3      | Killed Natasha
  1572 | D:3      | Found a stormy altar of Qazlal.
  1613 | D:3      | Found a glowing silver altar of Zin.
  1663 | D:3      | Noticed Natasha
  1672 | D:3      | Killed Natasha
  1672 | D:3      | Reached skill level 5 in Long Blades
  1672 | D:3      | Reached XP level 6. HP: 18/55 MP: 5/5
  1963 | D:3      | Reached skill level 5 in Shields
  1966 | D:3      | Noticed Jessica
  1972 | D:3      | Killed Jessica
  1972 | D:3      | Reached skill level 5 in Fighting
  2403 | D:4      | Reached skill level 5 in Armour
  2403 | D:4      | Reached skill level 1 in Dodging
  2411 | D:4      | Reached skill level 6 in Long Blades
  2416 | D:4      | Reached XP level 7. HP: 45/61 MP: 6/6
  2583 | D:4      | Found a staircase to the Ecumenical Temple.
  2667 | Temple   | Entered the Ecumenical Temple
  2730 | Temple   | Became a worshipper of Warmaster Okawaru
  3351 | D:5      | Entered Level 5 of the Dungeon
  3395 | D:5      | HP: 2/61 [orc/trident (6)]
  3993 | D:5      | Found an ornate altar of the Wu Jian Council.
  4059 | D:5      | Reached * piety under Okawaru
  4059 | D:5      | Reached XP level 8. HP: 67/68 MP: 7/7
  4302 | D:5      | Reached skill level 7 in Long Blades
  4374 | D:5      | Found a glowing silver altar of Zin.
  4459 | D:5      | Found Faohiv's Food Boutique.
  4978 | D:6      | Noticed a hippogriff
  4995 | D:6      | Killed a hippogriff
  5259 | D:6      | Found a sacrificial altar of Ru.
  5272 | D:6      | Reached skill level 8 in Long Blades
  5282 | D:6      | Noticed a hippogriff
  5290 | D:6      | Killed a hippogriff
  5367 | D:6      | Reached ** piety under Okawaru
  5799 | D:7      | Reached XP level 9. HP: 75/75 MP: 8/8
  5928 | D:7      | Found a burning altar of Makhleb.
  5928 | D:7      | Found a shimmering altar of Xom.
  6443 | D:8      | Reached skill level 9 in Long Blades
  6443 | D:8      | Reached skill level 1 in Stealth
  6549 | D:8      | Found a staircase to the Lair.
  6550 | D:8      | Reached *** piety under Okawaru
  6592 | D:8      | Noticed a two-headed ogre
  6607 | D:8      | Killed a two-headed ogre
  6607 | D:8      | Reached skill level 10 in Long Blades
  7244 | D:9      | Noticed a manticore
  7257 | D:9      | Killed a manticore
  7257 | D:9      | Reached **** piety under Okawaru
  7257 | D:9      | Reached XP level 10. HP: 82/86 MP: 9/9
  7358 | D:9      | Found a basalt altar of Yredelemnul.
  7545 | D:9      | Found Tez Bid's Jewellery Boutique.
  7600 | D:9      | Found a deep blue altar of Sif Muna.
  7603 | D:9      | Found a sparkling altar of Nemelex Xobeh.
  7621 | D:9      | Found a snail-covered altar of Cheibriados.
  7635 | D:9      | Found a hazy altar of Hepliaklqana.
  7807 | D:9      | Noticed a two-headed ogre
  7813 | D:9      | Killed a two-headed ogre
  7813 | D:9      | Reached ***** piety under Okawaru
  7813 | D:9      | Reached skill level 11 in Long Blades
  7813 | D:9      | Reached skill level 10 in Shields
  8065 | D:10     | Entered Level 10 of the Dungeon
  8184 | D:10     | Reached skill level 1 in Evocations
  8203 | D:10     | Noticed a two-headed ogre
  8224 | D:10     | Killed a two-headed ogre
  8224 | D:10     | Received a gift from Okawaru
  8666 | D:10     | Killed an unseen horror
  9052 | D:10     | Noticed a two-headed ogre
  9059 | D:10     | Killed a two-headed ogre
  9059 | D:10     | Reached skill level 10 in Armour
  9059 | D:10     | Reached XP level 11. HP: 85/95 MP: 11/11
  9392 | D:11     | Noticed Snorg
  9411 | D:11     | HP: 2/95 [Snorg (10)]
  9411 | D:11     | Slain by Snorg

Skill      XL: |  1  2  3  4  5  6  7  8  9 10 |
---------------+-------------------------------+-----
Long Blades    | 3 4 5 6 8 10 11 | 11.8
Fighting       | 4 5 7 8 |  8.4
Shields        | 4 5 6 7 9 10 | 10.8
Armour         | 4 5 6 8 9 10 | 10.0
Dodging        | 1 2 3 |  3.9
Stealth        | 1 |  1.1
Evocations     | 1 |  1.4

Action                   |  1- 3 |  4- 6 |  7- 9 | 10-12 || total
-------------------------+-------+-------+-------+-------++-------
Melee: Long sword        |   101 |   142 |   321 |   227 ||   791
       Headbutt          |    13 |    24 |    66 |    50 ||   153
Evoke: Wand              |       |       |     2 |     8 ||    10
  Use: Potion            |       |       |     1 |     1 ||     2
       Scroll            |       |       |     3 |    17 ||    20
  Eat: Chunk             |       |     4 |    11 |     7 ||    22
       Ration            |       |       |     2 |       ||     2
Armor: Scale mail        |    57 |    56 |    72 |       ||   185
       Plate armour      |       |       |    80 |    90 ||   170
Dodge: Dodged            |    36 |    40 |   103 |    52 ||   231
Block: Shield            |    61 |    80 |   173 |   137 ||   451
       Rpst.: Long sword |    10 |     9 |    33 |    12 ||    64
